[Event "Early-Titled-Tuesday-Blitz-May-14-2024"]
[Site "Chess.com"]
[Date "2024.05.14"]
[Round "5"]
[White "Hikaru"]
[Black "Rud_Makarian"]
[Result "1-0"]
[WhiteElo "3211"]
[BlackElo "2953"]
[TimeControl "180+1"]
[EndTime "8:57:55 PDT"]
[Termination "Hikaru won by resignation"]

1. b3 d5 2. Bb2 Bg4 3. h3 Bh5 4. d4 e6 5. Nd2 Nf6 6. Ngf3 c5 7. g4 Bg6 8. e3 cxd4 9. Nxd4 Nc6 10. c4 Bd6 11. g5 Ne4 12. a3 O-O 13. cxd5 Nxd4 14.
Bxd4 Qxg5 15. h4 Qf5 16. Qf3 exd5 17. h5 Nxd2 18. Qxf5 Bxf5 19. Kxd2 Rac8 20. Bd3 Bxd3 21. Kxd3 f6 22. Bxa7 Ra8 23. Bd4 Bxa3 24. Ra2 Bd6 25. Rha1 Rxa2 26. Rxa2 Kf7 27. Ra7 Rb8 28. f4 Ke6 29.
Ra5 g6 30. Rb5 gxh5 31. Ke2 h4 32. Kf3 Rg8 33. Rxb7 Be7 34. f5+ Kf7 35. Bc5 Re8 36.
Kg4 Kf8 37. Rxe7 Rxe7 38. Kxh4 Ke8 39. Bxe7 Kxe7 40. Kh5 Kd6 41. b4 Ke5 42. b5 Kd6 43.
Kh6 Kc5 44. Kxh7 Kxb5 45. Kg6 Kc4 46. Kxf6 Kd3 47. Ke5 1-0

[Event "Early-Titled-Tuesday-Blitz-May-14-2024"]
[Site "Chess.com"]
[Date "2024.05.14"]
[Round "5"]
[White "valik3504"]
[Black "Mikhail_Bryakin"]
[Result "0-1"]
[WhiteElo "2552"]
[BlackElo "2893"]
[TimeControl "180+1"]
[EndTime "8:57:55 PDT"]
[Termination "Mikhail_Bryakin won by checkmate"]

1. d4 Nf6 2. Nf3 d6 3. c4 Nbd7 4. Nc3 g6 5. e4 Bg7 6. Be2 O-O 7. O-O e5 8. Qc2 c6 9. d5 c5 10.
Bg5 h6 11. Bd2 Nh5 12. g3 Nhf6 13. a3 Re8 14. Rab1 Nf8 15. Nh4 Bh3 16. Ng2 N6h7 17. f3 Nd7 18. Rf2 h5 19. Ne3 Bh6 20. Bf1 Bxf1 21.
Rbxf1 Ndf6 22. Rg2 Qd7 23. f4 a6 24. f5 Kg7 25.
Qc1 Bxe3+ 26. Bxe3 Ng4 27. Bd2 b5 28. h3 Ngf6 29.
g4 hxg4 30. hxg4 b4 31. g5 Nh5 32. Ne2 bxa3 33. bxa3 Rab8 34. Rgf2 Rb3 35. fxg6 fxg6 36. Rf7+ Qxf7 37. Rxf7+ Kxf7 38. Qc2 Reb8 39. Bb4 Rf3 40.
Bc3 Nxg5 41. Qa4 Rb1+ 42. Kg2 Rbf1 43. Qd7+ Kg8 44. Qe8+ Kg7 45. Bxe5+ dxe5 46. Qxe5+ Kh6 47. Qh8+ Nh7 48. Nc3 Nf4+ 49. Kh2 Rh3# 0-1

[Event "Early-Titled-Tuesday-Blitz-May-14-2024"]
[Site "Chess.com"]
[Date "2024.05.14"]
[Round "5"]
[White "TigranMukhutdinov"]
[Black "alexrustemov"]
[Result "0-1"]
[WhiteElo "2718"]
[BlackElo "2934"]
[TimeControl "180+1"]
[EndTime "8:57:55 PDT"]
[Termination "alexrustemov won by resignation"]

1. Nf3 d5 2. g3 c6 3. Bg2 Bf5 4. O-O e6 5. c4 dxc4 6. a4 Nf6 7.
Na3 Bxa3 8. Rxa3 O-O 9. a5 Be4 10. Rc3 Bd5 11. Qa4 Nbd7 12. Qa3 b5 13. d3 c5 14. Rc2 cxd3 15. exd3 c4 16. dxc4 bxc4 17. Be3 a6 18. Nd2 Rc8 19. Bxd5 exd5 20. Bd4 Re8 21. Rfc1 Ne5 22. b3 Nd3 23. Rf1 Ne4 24. Bb6 Qd7 25. Nxe4 Rxe4 26. bxc4 dxc4 27. Qc3 h5 28. Rd1 Rce8 29.
Be3 h4 30. Qd2 h3 31. Qe2 Qf5 32. Qf1 Ne5 33. Re2 Qf3 34. Rde1 Nd3 35. Rd1 f5 36. Rc2 f4 37. gxf4 Nxf4 38. Rxc4 Qg4+ 39. Kh1 Qg2+ 40.
Qxg2 hxg2+ 41. Kg1 Rxc4 0-1

[Event "Early-Titled-Tuesday-Blitz-May-14-2024"]
[Site "Chess.com"]
[Date "2024.05.14"]
[Round "5"]
[White "abelmat"]
[Black "esrosenberg"]
[Result "1/2-1/2"]
[WhiteElo "2022"]
[BlackElo "2328"]
[TimeControl "180+1"]
[EndTime "8:57:56 PDT"]
[Termination "Game drawn by repetition"]

1. d4 d5 2. c4 e6 3. Nf3 a6 4.
Nc3 dxc4 5. a4 Nc6 6. e4 Na5 7. Ne5 c5 8. d5 Nf6 9. Bxc4 Bd6 10. f4 Bxe5 11. fxe5 Nxc4 12. exf6 Qxf6 13. Qe2 Qd4 14. Bf4 O-O 15. Rd1 Qf6 16. O-O b5 17. Bd6 Qxf1+ 18.
Rxf1 Nxd6 19. axb5 Nxb5 20. Nxb5 axb5 21. h3 c4 22. Rd1 exd5 23. exd5 Bf5 24. d6 Bd3 25. Rxd3 cxd3 26. Qxd3 Rfd8 27. Qd5 Ra6 28. Qxb5 Raxd6 29. Qe5 h6 30. Kh2 Re6 31. Qg3 Rd2 32. Qc3 Ree2 33. Qc8+ Kh7 34. Qg4 Rxb2 35. Qf5+ Kg8 36. Qc8+ Kh7 37.
Qf5+ Kh8 38. Qc8+ Kh7 39. Qf5+ 1/2-1/2

[Event "Early-Titled-Tuesday-Blitz-May-14-2024"]
[Site "Chess.com"]
[Date "2024.05.14"]
[Round "5"]
[White "Payyappat"]
[Black "NikitaShnadrygin"]
[Result "0-1"]
[WhiteElo "2526"]
[BlackElo "2732"]
[TimeControl "180+1"]
[EndTime "8:57:58 PDT"]
[Termination "NikitaShnadrygin won on time"]

1. e4 c5 2. Nf3 e6 3. d4 cxd4 4. Nxd4 Nf6 5. Nc3 Nc6 6. f4 Bb4 7. Nxc6 bxc6 8. Bd3 d5 9. e5 Nd7 10. O-O a5 11. Be3 Ba6 12. f5 Bxd3 13. Qxd3 Nxe5 14.
Qd4 f6 15. fxe6 Qe7 16. a3 Bd6 17. Kh1 O-O 18. Rad1 Qxe6 19. Bf4 Rfe8 20. Rde1 Rab8 21. Na4 Qd7 22. Nc5 Qa7 23. b4 axb4 24. axb4 Qe7 25. Nd3 Qc7 26. Nc5 Qe7 27. Nd3 Qc7 28. Nc5 Qb6 29. c3 Bxc5 30. bxc5 Qb5 31. Kg1 Nd3 32. Bxb8 Nxe1 33. Bd6 Nc2 34. Qg4 Qe2 35. Qxe2 Rxe2 36. Rb1 Re1+ 37. Rxe1 Nxe1 38. Kf2 Nd3+ 0-1

[Event "Early-Titled-Tuesday-Blitz-May-14-2024"]
[Site "Chess.com"]
[Date "2024.05.14"]
[Round "5"]
[White "emeli_chess"]
[Black "BillCoe"]
[Result "0-1"]
[WhiteElo "2433"]
[BlackElo "2191"]
[TimeControl "180+1"]
[EndTime "8:57:58 PDT"]
[Termination "BillCoe won by resignation"]

1. d4 d5 2. c4 e6 3. Nc3 Be7 4. cxd5 exd5 5. Bf4 c6 6. e3 Bf5 7. Qb3 Qb6 8. Qxb6 axb6 9. Rc1 Nf6 10. a3 Nbd7 11.
Nf3 b5 12. Nh4 Bg6 13. Nxg6 hxg6 14. Na2 Nb6 15. f3 Nc4 16. Bxc4 bxc4 17. Kf2 Kd7 18. h3 Bd6 19. Bxd6 Kxd6 20. e4 dxe4 21. Rxc4 exf3 22. Kxf3 Nd5 23. Nc3 Rhe8 24. Nxd5 Kxd5 25. Rhc1 Re7 26. Rc5+ Kd6 27. R1c2 Rae8 28. Ra5 Re3+ 29. Kf2 Rd3 30. Ra7 Kc7 31. Ra4 Re4 32. Rac4 Rexd4 33. Rxd4 Rxd4 34. Ke3 Rd5 35. Rf2 f5 36. Kf4 Kd7 37. Kg5 Rd6 38. Re2 b5 39. h4 Rf6 40. h5 gxh5 41. Kxh5 Kd6 42. Kg5 c5 43. g3 c4 44. Re8 Re6 45. Rb8 Kc5 46. Kxf5 Re2 47. Rb7 Rxb2 48. Rxg7 c3 49.
g4 c2 50. Rc7+ Kd4 51. g5 Kd3 52. g6 Rb1 53. g7 Rf1+ 54. Kg6 Rg1+ 55. Kf7 Kd2 56.
g8=Q Rxg8 57. Kxg8 c1=Q 58. Rxc1 Kxc1 59. Kf7 Kb2 60.
Ke6 Kxa3 61. Kd5 b4 0-1

[Event "Early-Titled-Tuesday-Blitz-May-14-2024"]
[Site "Chess.com"]
[Date "2024.05.14"]
[Round "5"]
[White "ketster"]
[Black "Byniolus"]
[Result "1-0"]
[WhiteElo "2648"]
[BlackElo "2816"]
[TimeControl "180+1"]
[EndTime "8:57:59 PDT"]
[Termination "ketster won by resignation"]

1. d4 d6 2. c4 e5 3. Nc3 exd4 4. Qxd4 Nc6 5. Qd2 Nf6 6. g3 Be6 7. b3 d5 8. cxd5 Nxd5 9. Bg2 Bb4 10. Bb2 Qf6 11.
Rc1 O-O-O 12. Qc2 Nd4 13. Qd3 Bf5 14. e4 Nxb3 15. axb3 Nxc3 16. Qc4 Nd5+ 17. Kf1 Qxb2 18. exd5 Bd3+ 19. Qxd3 Qxc1+ 20. Ke2 Rhe8+ 21. Kf3 Kb8 22. Ne2 Qg5 23. Nf4 Qf6 24. h4 Bd6 25. Kg4 g6 26.
Kh3 Bxf4 27. gxf4 Qxf4 28. Rd1 Rd6 29. b4 Qxf2 30. Qc4 Qf4 31. Qxf4 Red8 32. Qf3 f5 33.
Kh2 a6 34. Re1 R8d7 35. Re8+ Ka7 36. Re6 Kb6 37. Rxd6+ Rxd6 38. Qe3+ Kb5 39. Qc5+ Ka4 40. Qxc7 1-0

[Event "Early-Titled-Tuesday-Blitz-May-14-2024"]
[Site "Chess.com"]
[Date "2024.05.14"]
[Round "5"]
[White "lamomiajunior"]
[Black "SuperJesus88"]
[Result "1-0"]
[WhiteElo "2776"]
[BlackElo "2528"]
[TimeControl "180+1"]
[EndTime "8:57:59 PDT"]
[Termination "lamomiajunior won by checkmate"]

1. d4 d6 2. e4 Nf6 3. Nc3 e5 4.
Nf3 Nbd7 5. a4 Be7 6. Bc4 O-O 7. O-O c6 8. Re1 b6 9. h3 a6 10. b3 Bb7 11. Bf1 b5 12. Bb2 Qc7 13. axb5 axb5 14.
Rxa8 Rxa8 15. d5 cxd5 16. Nxb5 Qb6 17. exd5 Nxd5 18. c4 Nf4 19. g3 Ne6 20. Bg2 Ndc5 21. b4 Nd7 22. Nd2 Bxg2 23. Kxg2 Nf6 24. Qf3 Rc8 25.
Qe3 Qb7+ 26. Kg1 d5 27. Qxe5 dxc4 28. Bc3 Nd7 29. Nd6 Nxe5 30. Nxb7 Nd3 31. Rb1 Rb8 32. Na5 Nxb4 33. Ndxc4 h5 34. Be5 Rb5 35. Bc3 Kh7 36.
Nc6 Nxc6 37. Rxb5 Nc5 38. Ne5 Nxe5 39. Bxe5 Ne4 40. Bd4 g6 41. Rb8 Bd6 42. Rh8# 1-0

[Event "Early-Titled-Tuesday-Blitz-May-14-2024"]
[Site "Chess.com"]
[Date "2024.05.14"]
[Round "5"]
[White "AnishOnYoutube"]
[Black "the_chess_child"]
[Result "0-1"]
[WhiteElo "3010"]
[BlackElo "2885"]
[TimeControl "180+1"]
[EndTime "8:58:00 PDT"]
[Termination "the_chess_child won by resignation"]

1. Nf3 Nf6 2. c4 g6 3. Nc3 Bg7 4. g3 O-O 5. Bg2 d6 6. O-O e5 7. d3 Nc6 8. Rb1 a5 9. a3 h6 10.
b4 axb4 11. axb4 Be6 12. b5 Ne7 13. Qb3 Qd7 14. Re1 Nh5 15. Bb2 Kh7 16. Ra1 Bh3 17.
Bh1 f5 18. Ra2 f4 19. Ne4 c6 20.
bxc6 bxc6 21. Rea1 Rxa2 22. Qxa2 d5 23. Ned2 fxg3 24. hxg3 Nxg3 25. fxg3 Qg4 26. Nf1 Nf5 27. Bxe5 Bxf1 28. Rxf1 Bxe5 29. Nxe5 Qxg3+ 30. Bg2 Qe3+ 31. Kh2 Qxe5+ 32. Kg1 Qd4+ 33. Kh2 Re8 34. cxd5 cxd5 35. Qxd5 Qxd5 36. Bxd5 Rxe2+ 37. Kg1 h5 38. Be4 Ng3 39.
Rf7+ Kh6 40. Bf3 Rd2 41. Rd7 h4 42. Rd6 h3 0-1

[Event "Early-Titled-Tuesday-Blitz-May-14-2024"]
[Site "Chess.com"]
[Date "2024.05.14"]
[Round "5"]
[White "Levanzovsky"]
[Black "ravengelic"]
[Result "0-1"]
[WhiteElo "2549"]
[BlackElo "2685"]
[TimeControl "180+1"]
[EndTime "8:58:00 PDT"]
[Termination "ravengelic won by resignation"]

1. e4 c5 2. Nf3 g6 3. c3 Bg7 4. d4 cxd4 5. cxd4 d5 6. e5 Nc6 7.
Bb5 Bg4 8. Nbd2 Bxf3 9. Bxc6+ bxc6 10. Nxf3 Qa5+ 11. Bd2 Qa6 12. Qe2 Qxe2+ 13. Kxe2 h6 14.
Rhc1 Kd7 15. Bb4 Rb8 16. Ba3 e6 17. b3 Bf8 18. Bxf8 Rxf8 19. Ne1 Ne7 20. Nd3 Rb8 21.
Nc5+ Kc8 22. Kd3 Rb6 23. a3 Kc7 24. b4 Ra8 25. a4 a5 26. b5 Kd8 27. Rab1 cxb5 28.
axb5 a4 29. Ra1 a3 30. Rc3 a2 31. Rc2 Ra3+ 32. Kd2 Rxb5 33. Rcxa2 Rxa2+ 34. Rxa2 Nc6 35. Kc3 Kc7 36. Ra8 Rb1 37. Rf8 Nd8 38. Re8 Rc1+ 39.
Kb4 Nc6+ 40. Ka4 Rc4+ 41. Ka3 Rxd4 42. Rf8 Nxe5 43. Rxf7+ Kc6 0-1

[Event "Early-Titled-Tuesday-Blitz-May-14-2024"]
[Site "Chess.com"]
[Date "2024.05.14"]
[Round "5"]
[White "EvgenyBurmakin"]
[Black "LeoLV10"]
[Result "0-1"]
[WhiteElo "2331"]
[BlackElo "2518"]
[TimeControl "180+1"]
[EndTime "8:58:00 PDT"]
[Termination "LeoLV10 won by resignation"]

1. e4 c6 2. Nc3 d5 3. Nf3 Bg4 4. d4 e6 5. Bd3 Nf6 6. h3 Bxf3 7. Qxf3 dxe4 8. Nxe4 Be7 9. c3 Nbd7 10. Bf4 Nxe4 11. Bxe4 O-O 12. O-O Nf6 13. Bc2 Rc8 14. Rad1 Nd5 15.
Bg3 Bf6 16. a3 b5 17. Rfe1 g6 18. Be5 Bg7 19. Bxg7 Kxg7 20. g3 Qf6 21. Kg2 c5 22. dxc5 Rxc5 23. Bb3 Nb6 24. Qxf6+ Kxf6 25. Rd6 Ke7 26.
Red1 Rc7 27. R6d4 Nd7 28. Rb4 Rb8 29. a4 a6 30. axb5 axb5 31. Ra1 Rcb7 32. Ra5 Ne5 33. Re4 Nd3 34. Ra2 Nc5 35. Rb4 Rd8 36. Bc2 Rd2 37. Bb1 h5 38. Ra5 Rd1 39. Ba2 Rd2 40. Raxb5 Rxb5 41. Rxb5 Nd3 42. Bc4 Nxb2 43. Rb7+ Kf6 44. Bf1 Nd1 45. Kf3 Rxf2+ 46. Ke4 Nxc3+ 47. Kd3 Rxf1 48. Kxc3 Rf3+ 49. Kd4 Rxg3 50. Rb5 Rxh3 51. Ke4 Rg3 52. Kf4 h4 53. Rb7 g5+ 54. Ke4 h3 55. Rb2 Rg2 56.
Rb1 h2 0-1

[Event "Early-Titled-Tuesday-Blitz-May-14-2024"]
[Site "Chess.com"]
[Date "2024.05.14"]
[Round "5"]
[White "santosalberto1987"]
[Black "Suleyman_Chess06"]
[Result "1-0"]
[WhiteElo "2601"]
[BlackElo "2781"]
[TimeControl "180+1"]
[EndTime "8:58:02 PDT"]
[Termination "santosalberto1987 won by resignation"]

1. e4 e6 2. d4 d5 3. Nc3 Nf6 4.
e5 Nfd7 5. Nce2 c5 6. c3 Nc6 7.
Nf3 f6 8. exf6 Nxf6 9. g3 Bd6 10. Bg2 O-O 11. O-O b6 12. Bf4 Ba6 13. Bxd6 Qxd6 14. Re1 Ne4 15. Nf4 Rxf4 16. gxf4 Qxf4 17. dxc5 bxc5 18.
Qa4 Bb7 19. c4 Nd4 20. Nxd4 Qxf2+ 21. Kh1 Qxd4 22. Bxe4 dxe4 23. Qb3 Bc6 24. Qe3 Rd8 25. Rad1 Qxd1 26. Rxd1 Rxd1+ 27. Kg2 h6 28. Qxc5 Bd7 29. Qe5 Rd2+ 30. Kg3 g5 31. Qxe4 Kg7 32. c5 Bb5 33.
Qb7+ Kf6 34. Qxb5 h5 35. c6 h4+ 36. Kf3 Rxh2 37. c7 Rc2 38. Qd7 Kf5 39. c8=Q g4+ 40. Ke3 Rxc8 41. Qxc8 h3 42. Qf8+ Kg5 43. Qh8 e5 44.
Qxe5+ Kg6 45. Kf2 h2 46. Qxh2 g3+ 1-0

[Event "Early-Titled-Tuesday-Blitz-May-14-2024"]
[Site "Chess.com"]
[Date "2024.05.14"]
[Round "5"]
[White "Blitz_Lover1"]
[Black "Lucky_Puncher"]
[Result "0-1"]
[WhiteElo "2293"]
[BlackElo "2558"]
[TimeControl "180+1"]
[EndTime "8:58:02 PDT"]
[Termination "Lucky_Puncher won by checkmate"]

1. e4 c5 2. Nf3 d6 3. d4 cxd4 4. Nxd4 Nf6 5. Nc3 a6 6. f4 e5 7. Nf3 Nbd7 8. a4 Be7 9. Bd3 O-O 10. O-O Qc7 11. Kh1 exf4 12. Bxf4 Ne5 13. Nd4 Be6 14. Nd5 Bxd5 15. exd5 Nxd5 16. Bxe5 dxe5 17. Nf5 Bg5 18.
Qg4 h6 19. h4 Ne3 20. Nxe3 Bxe3 21. Qe4 f5 22. Qxe3 e4 23. Be2 Rae8 24. Qf4 Qxc2 25. Bh5 Re6 26. b4 Kh8 27. b5 Qc4 28. bxa6 Qxa6 29.
Rfe1 b6 30. Be2 Qa5 31. Bc4 Rg6 32. Rxe4 Qb4 33. Bf7 fxe4 34. Qe5 Rf6 35. Bh5 Qd6 36. Qc3 Qf4 37. g3 Qf2 38. Rg1 e3 39. Rg2 Qf1+ 40. Kh2 Rf2 41. Rxf2 Rxf2# 0-1

[Event "Early-Titled-Tuesday-Blitz-May-14-2024"]
[Site "Chess.com"]
[Date "2024.05.14"]
[Round "5"]
[White "Azalea95"]
[Black "Ariadna_Atreides"]
[Result "1-0"]
[WhiteElo "2394"]
[BlackElo "2232"]
[TimeControl "180+1"]
[EndTime "8:58:02 PDT"]
[Termination "Azalea95 won on time"]

1. e4 c6 2. d4 d5 3. exd5 cxd5 4.
Bd3 Nf6 5. c3 Bg4 6. Qb3 Qd7 7.
Bf4 Nc6 8. Nd2 e6 9. Ngf3 Bxf3 10. Nxf3 a6 11. O-O Be7 12. Rfe1 O-O 13. a4 Nh5 14. Ne5 Nxe5 15. Bxe5 f6 16. Qd1 g6 17. Bg3 Nxg3 18.
hxg3 Bd6 19. Qg4 f5 20. Qg5 Kg7 21. Re2 h6 22. Qd2 Rae8 23. Bc2 Qf7 24. Rae1 g5 25.
Qd3 g4 26. Re3 Qg6 27. c4 dxc4 28. Qxc4 Rc8 29. Qb3 Rf6 30. Rxe6 Rxc2 31. Rxf6 Qxf6 32. Qxc2 f4 33. gxf4 Qxf4 34. g3 Qxd4 35. Re4 Qf6 36. Rxg4+ Kf7 37. Qh7+ Ke6 38. Rg6 Ke5 39. Rxf6 1-0

[Event "Early-Titled-Tuesday-Blitz-May-14-2024"]
[Site "Chess.com"]
[Date "2024.05.14"]
[Round "5"]
[White "DenisQ"]
[Black "KuzubovYuriy"]
[Result "1/2-1/2"]
[WhiteElo "2727"]
[BlackElo "2934"]
[TimeControl "180+1"]
[EndTime "8:58:03 PDT"]
[Termination "Game drawn by repetition"]

1. Nf3 d5 2. c4 d4 3. g3 Nc6 4.
Bg2 e5 5. O-O Nf6 6. e3 dxe3 7.
dxe3 Qxd1 8. Rxd1 e4 9. Ng5 Bg4 10. Rd2 Bb4 11. Nc3 Bxc3 12. bxc3 Bf5 13. Rb1 h6 14.
Nh3 b6 15. Nf4 Rd8 16. Nd5 Rd7 17. Ba3 Ne5 18. Nxf6+ gxf6 19. Rxd7 Kxd7 20. c5 Ke6 21. Rb4 Nd3 22. Ra4 bxc5 23. Bxe4 Rb8 24. Bxd3 Bxd3 25.
g4 c4 26. Kg2 Rb1 27. Rxa7 Bf1+ 28. Kg3 Be2 29. h3 Rg1+ 30. Kf4 Rg2 31. Rxc7 Rxf2+ 32.
Ke4 Bd3+ 33. Kd4 f5 34. Rc6+ Kd7 35. Rxh6 Rxa2 36. Bb4 fxg4 37. hxg4 Rg2 38. Rf6 Rxg4+ 39. Rf4 Rg7 40. Ke5 Rh7 41. Kf6 Kc6 42. Ke7 Kb5 43.
Rxf7 Rxf7+ 44. Kxf7 Kc6 45. Kf6 Kd5 46. Kg5 Be4 47.
Kf4 Bd3 48. Ba5 Be4 49. Bb4 Bd3 50. Ba5 Be4 51. Bb4 1/2-1/2

[Event "Early-Titled-Tuesday-Blitz-May-14-2024"]
[Site "Chess.com"]
[Date "2024.05.14"]
[Round "5"]
[White "Vasily_IM"]
[Black "Lennis93"]
[Result "0-1"]
[WhiteElo "2605"]
[BlackElo "2807"]
[TimeControl "180+1"]
[EndTime "8:58:03 PDT"]
[Termination "Lennis93 won by resignation"]

1. d4 Nf6 2. c4 e6 3. Nc3 Bb4 4. Qc2 O-O 5. e4 d5 6. e5 Ne4 7.
Bd3 c5 8. Ne2 Nc6 9. cxd5 exd5 10.
O-O Bf5 11. Nxe4 dxe4 12. Bxe4 Nxd4 13. Nxd4 Bxe4 14. Qxe4 Qxd4 15. Qxd4 cxd4 16. Rd1 Rfd8 17. Bd2 Bc5 18. Bg5 Rd5 19. Bf4 d3 20. a3 a5 21. Rd2 Rad8 22. Rad1 a4 23. Be3 Bxe3 24. fxe3 Kf8 25. Kf2 Ke7 26. Kf3 Ke6 27. e4 Rd4 28.
Kf4 h6 29. h4 b5 30. Rc1 Rc4 31. Rcd1 Rc2 32. g4 g5+ 33. hxg5 hxg5+ 34. Kxg5 Kxe5 35.
Rxd3 Rxd3 36. Rxd3 Rxb2 37. Rf3 Rb3 38. Rxf7 Kxe4 39.
Rb7 Kd5 40. Kf6 Kc6 41. Re7 Rxa3 42. g5 Rg3 43. g6 a3 44. Ra7 b4 45. g7 Kb5 46. Kf7 Kc4 47. Ra6 Rxg7+ 0-1

[Event "Early-Titled-Tuesday-Blitz-May-14-2024"]
[Site "Chess.com"]
[Date "2024.05.14"]
[Round "5"]
[White "HajiyevKanan"]
[Black "zozik"]
[Result "0-1"]
[WhiteElo "2478"]
[BlackElo "2336"]
[TimeControl "180+1"]
[EndTime "8:58:03 PDT"]
[Termination "zozik won by resignation"]

1. d4 Nf6 2. Nf3 c5 3. c4 g6 4. Nc3 Bg7 5. e3 O-O 6. Be2 cxd4 7. Nxd4 d5 8. O-O Nc6 9. Nxc6 bxc6 10. Rb1 Bf5 11.
Bd3 dxc4 12. Bxf5 Qxd1 13. Rxd1 gxf5 14. Bd2 Rfd8 15. f3 Nd5 16. Kf2 Nxc3 17. Bxc3 Bxc3 18.
bxc3 Rxd1 19. Rxd1 Rb8 20. Rd4 Rb2+ 21. Kg3 Rxa2 22.
Rxc4 Ra6 23. Kf4 e6 24. Ke5 Kg7 25. Kd6 Ra2 26. g4 fxg4 27. Rxg4+ Kf6 28. Rh4 Rc2 29. c4 Rc3 30. Re4 a5 31. Kc5 Ke7 32. Kxc6 a4 33. c5 a3 34. Kb6 Rb3+ 35. Kc7 Rb5 36. c6 Ra5 37. Kb6 a2 38. Kxa5 a1=Q+ 39. Kb6 Qb2+ 40.
Kc7 Qxh2+ 41. Kc8 Qg2 42. c7 Qxf3 43. Ra4 Qc6 44. Ra7 Qb6 45. Rb7 Qxe3 46. Kb8 Qe5 47.
Kc8 h5 48. Rb5 Qc3 49. Rxh5 Kd6 50. Kb7 Qxc7+ 51. Ka6 Qc6+ 52. Ka5 Qb7 53. Rh4 f5 54. Rd4+ Kc5 0-1

[Event "Early-Titled-Tuesday-Blitz-May-14-2024"]
[Site "Chess.com"]
[Date "2024.05.14"]
[Round "5"]
[White "Abund"]
[Black "GMthekingindian"]
[Result "1-0"]
[WhiteElo "2783"]
[BlackElo "2292"]
[TimeControl "180+1"]
[EndTime "8:58:03 PDT"]
[Termination "Abund won by checkmate"]

1. d4 d5 2. c4 e6 3. Nf3 Nf6 4. Nc3 c5 5. cxd5 Nxd5 6. e4 Nxc3 7. bxc3 cxd4 8. cxd4 Bb4+ 9. Bd2 Bxd2+ 10. Qxd2 O-O 11. Bc4 b6 12. d5 Qf6 13. O-O Nd7 14.
Rad1 Ne5 15. Nxe5 Qxe5 16. d6 Rd8 17. Rfe1 Bb7 18. Bb3 Bxe4 19. Qe3 f5 20. f3 Rxd6 21. Rxd6 Qxd6 22. fxe4 f4 23. e5 fxe3 24. exd6 Rd8 25. Rxe3 Rxd6 26. Rxe6 Rxe6 27. Bxe6+ Kf8 28. Kf2 Ke7 29. Bg8 h6 30. Ke3 Kf6 31. Kf4 b5 32. Bd5 g5+ 33. Kg4 Kg6 34. Be4+ Kf6 35. Kh5 Ke5 36.
Bc6 b4 37. Kxh6 Kf4 38. Kh5 a6 39. Bd7 a5 40. g3+ Kf3 41. Kxg5 Ke2 42. h4 Kd2 43. h5 Kc3 44. h6 Kb2 45. Be6 a4 46. h7 b3 47. Bxb3 a3 48. h8=Q+ Kb1 49. Qh2 Ka1 50. Kf5 Kb1 51. Ke4 Kc1 52. Kd3 Kb1 53. Kc3 Ka1 54.
Qh1# 1-0

[Event "Early-Titled-Tuesday-Blitz-May-14-2024"]
[Site "Chess.com"]
[Date "2024.05.14"]
[Round "5"]
[White "maciek_92"]
[Black "DrVelja"]
[Result "1-0"]
[WhiteElo "2827"]
[BlackElo "2957"]
[TimeControl "180+1"]
[EndTime "8:58:04 PDT"]
[Termination "maciek_92 won by checkmate"]

1. c4 e5 2. Nc3 Nf6 3. g3 Bb4 4. Bg2 O-O 5. e4 Bxc3 6. bxc3 c6 7. Ne2 d5 8. cxd5 cxd5 9. exd5 Nxd5 10. d4 exd4 11.
Qxd4 Be6 12. O-O Nc6 13. Qa4 Nb6 14. Qc2 Qc8 15. Nf4 Bf5 16. Qb3 Na5 17. Qb4 Nac4 18.
Nd5 Nxd5 19. Bxd5 Nb6 20. Bf3 Rd8 21. Be3 Nd5 22. Qb3 Be6 23. Bd4 Qd7 24. Rad1 b5 25. c4 bxc4 26. Qxc4 Rac8 27. Qe2 Qa4 28. Ba1 Nf6 29.
Bxf6 gxf6 30. Be4 f5 31. Bb1 Bc4 32. Rxd8+ Rxd8 33. Qe7 Re8 34. Qg5+ Kf8 35. Rc1 Be6 36. Qh6+ Kg8 37. Qg5+ Kf8 38. Bxf5 Bxf5 39. Qxf5 Qxa2 40. Qxh7 Qe6 41. Qh8+ Ke7 42. Qd4 a6 43. Rc7+ Kf8 44. Qh8# 1-0

[Event "Early-Titled-Tuesday-Blitz-May-14-2024"]
[Site "Chess.com"]
[Date "2024.05.14"]
[Round "5"]
[White "ViktoriyaTarasova"]
[Black "Aleksandar-Topalov"]
[Result "1-0"]
[WhiteElo "2320"]
[BlackElo "2467"]
[TimeControl "180+1"]
[EndTime "8:58:04 PDT"]
[Termination "ViktoriyaTarasova won on time"]

1. d4 e6 2. c4 Nf6 3. Nc3 Bb4 4. Nf3 O-O 5. Bg5 h6 6. Bh4 c5 7. e3 Qa5 8. Qc2 Ne4 9. Rc1 f5 10. Bd3 cxd4 11. Nxd4 Nxc3 12. bxc3 Bc5 13. Bg3 Nc6 14. Nb3 Qb6 15. Rb1 a6 16. O-O d6 17. Rfd1 e5 18.
Nd4 Qd8 19. Nxf5 Qf6 20. Nh4 g5 21. Nf3 Bg4 22. Be2 Rf7 23. h3 Be6 24. Nh2 Raf8 25. Ng4 Qg7 26. Nh2 Bf5 27. Bd3 Be6 28. Rd2 Na5 29.
Qa4 b6 30. Bf1 h5 31. h4 gxh4 32. Bxh4 e4 33. Qd1 Qg6 34. Be2 Rh7 35. Nf1 Nxc4 36. Bxc4 Bxc4 37. Ng3 Bd3 38. Rbb2 d5 39. f3 b5 40. Kh2 exf3 41. gxf3 Bf5 42. Rxd5 1-0

[Event "Early-Titled-Tuesday-Blitz-May-14-2024"]
[Site "Chess.com"]
[Date "2024.05.14"]
[Round "5"]
[White "Niilo1"]
[Black "ninguno46"]
[Result "1-0"]
[WhiteElo "2324"]
[BlackElo "2542"]
[TimeControl "180+1"]
[EndTime "8:58:05 PDT"]
[Termination "Niilo1 won by resignation"]

1. e4 c5 2. Nf3 Nc6 3. d4 cxd4 4. Nxd4 g6 5. c4 Nf6 6. Nc3 d6 7. Be2 Nxd4 8. Qxd4 Bg7 9. Be3 O-O 10. Qd2 a5 11. h3 a4 12. O-O Qa5 13. Rad1 Be6 14.
f4 Rfc8 15. b3 axb3 16. axb3 Qb4 17. Nd5 Qxd2 18. Rxd2 Nxe4 19. Nxe7+ Kf8 20. Nxc8 Nxd2 21. Bxd2 Rxc8 22. Bb4 Bd4+ 23. Kh2 Bc5 24. Bc3 d5 25. b4 Be3 26. c5 b6 27. cxb6 Rxc3 28. b7 Rc8 29.
bxc8=Q+ Bxc8 30. g3 Ke7 31. Rd1 Kd6 32. b5 d4 33. Kg2 Kc5 34. Rb1 Kb6 35. Bf3 Bf5 36.
Rb3 Bc2 37. Rb2 d3 38. Kf1 Bd4 39. Ra2 Kxb5 40. Bd5 Kc5 41. Bxf7 d2 42. Rxc2+ Kd6 43. Rxd2 1-0

[Event "Early-Titled-Tuesday-Blitz-May-14-2024"]
[Site "Chess.com"]
[Date "2024.05.14"]
[Round "5"]
[White "Saxar85"]
[Black "Iball95"]
[Result "0-1"]
[WhiteElo "2781"]
[BlackElo "2929"]
[TimeControl "180+1"]
[EndTime "8:58:06 PDT"]
[Termination "Iball95 won on time"]

1. e4 c5 2. Nf3 e6 3. Nc3 Nc6 4. Bb5 Nge7 5. O-O a6 6. Bxc6 Nxc6 7. d4 cxd4 8. Nxd4 Nxd4 9. Qxd4 b5 10. Bf4 Bb7 11. Rad1 Rc8 12. Rfe1 f6 13. Bd6 Bxd6 14. Qxd6 Qc7 15. a3 Qxd6 16. Rxd6 Ke7 17. Red1 Rhd8 18.
f3 Rc6 19. Rxc6 Bxc6 20. Kf2 Rc8 21. Ne2 d5 22. exd5 Bxd5 23. c3 g5 24. h4 h6 25.
Rh1 a5 26. Nd4 b4 27. hxg5 hxg5 28. axb4 axb4 29. Rc1 bxc3 30. bxc3 Kd6 31. Ke3 Kc5 32. g3 e5 33. Nf5 Ra8 34. g4 Ra2 35. Ng3 Ra4 36. c4 Ra3+ 37. Kd2 Bxf3 38. Rf1 e4 39. Nh5 Kd4 40. Nxf6 Ra2+ 41. Kc1 Kxc4 42. Kb1 Rg2 43. Re1 Kd3 44. Rc1 e3 45. Nd7 Be4 46. Ne5+ Kd4+ 0-1

[Event "Early-Titled-Tuesday-Blitz-May-14-2024"]
[Site "Chess.com"]
[Date "2024.05.14"]
[Round "5"]
[White "kuchma777"]
[Black "MatyChess1"]
[Result "1-0"]
[WhiteElo "2538"]
[BlackElo "2651"]
[TimeControl "180+1"]
[EndTime "8:58:06 PDT"]
[Termination "kuchma777 won on time"]

1. e4 c6 2. Nf3 d5 3. Nc3 dxe4 4. Nxe4 Nf6 5. Qe2 Nxe4 6. Qxe4 Nd7 7. Bc4 Nf6 8. Ne5 e6 9. Qe2 b5 10. Bd3 Qc7 11. O-O Bd6 12. Re1 O-O 13. c3 Nd5 14. Bc2 c5 15. d4 cxd4 16. cxd4 Bb7 17. h4 Rac8 18. Be4 Nf6 19. Bxb7 Qxb7 20. Bg5 Nd5 21. Nd3 Rc4 22. Qe4 Rfc8 23. h5 h6 24. Bf4 Bf8 25. Bg3 Qb6 26. Be5 Ne7 27. b3 R4c6 28. Nf4 Rd8 29. Ne2 Nd5 30. Rac1 a6 31. Rxc6 Qxc6 32. Rc1 Qa8 33. Qg4 Ne7 34. Ng3 Qd5 35. Ne4 Kh8 36.
Qf4 Nf5 37. g4 Nxd4 38. Qxh6+ Kg8 39. Bxd4 Qxe4 40. Bxg7 Bxg7 41. Qg5 Qe5 42. Qxd8+ Kh7 43. Qh4 1-0